 Dungeon Crawl Stone Soup version 0.21.0-24-g2553a33 (webtiles) character file.

53503 Mgcat the Basher (level 14, -8/144 HPs)
             Began as a Troll Fighter on Jan 19, 2018.
             Was a High Priest of Trog.
             Mangled by a sixfirhy (10 damage)
             ... on level 6 of the Lair of Beasts.
             The game lasted 01:10:44 (20677 turns).

Mgcat the Basher (Troll Fighter)                   Turns: 20677, Time: 01:10:45

Health: -8/144     AC:  7    Str: 35    XL:     14   Next: 31%
Magic:  0/13       EV: 14    Int:  5    God:    Trog [*****.]
Gold:   833        SH: 12    Dex: 12    Spells: 13/13 levels left

rFire    + + .     SeeInvis .   N - +3 flail
rCold    . . .     Gourm    +   c - +1 shield
rNeg     . . .     Faith    .   k - +1 robe {rF+}
rPois    .         Spirit   +   (helmet restricted)
rElec    .         Reflect  .   P - +0 cloak {MR+}
rCorr    .         Harm     .   (gloves unavailable)
MR       ++++.                  (boots unavailable)
Stlth    +.........             l - amulet of guardian spirit
HPRegen  1.74/turn              F - ring of the Mutiny {*Contam +Fly rC+ Str+8}
MPRegen  0.13/turn              H - ring of fire

@: lethally poisoned (-8 -> -10), about to teleport, weakened, berserk cooldown,
regenerating, slowed, very slow
A: large, unfitting armour, claws 3, fast metabolism 3, gourmand, regeneration
1, shaggy fur 1, tough skin 2
a: Berserk, Trog's Hand, Brothers in Arms, Burn Spellbooks, Renounce Religion,
Evoke Flight


You were on level 6 of the Lair of Beasts.
You worshipped Trog.
Trog was extremely pleased with you.
You were very full.

You visited 3 branches of the dungeon, and saw 18 of its levels.
You also visited: Labyrinth and Sewer.

You collected 833 gold pieces.

Inventory:

Hand Weapons
 N - a +3 flail (weapon)
Missiles
 X - 9 large rocks (quivered)
Armour
 c - a +1 shield (worn)
 k - a +1 robe of fire resistance (worn)
 y - a +2 robe of magic resistance
 P - a +0 cloak of magic resistance (worn)
Jewellery
 l - an amulet of guardian spirit (around neck)
 t - an uncursed ring of poison resistance
 u - a cursed ring of protection from cold
 w - an uncursed amulet of faith
 x - an uncursed ring of protection from cold
 F - the ring of the Mutiny (left claw) {*Contam +Fly rC+ Str+8}
   (You found it on level 7 of the Dungeon)

   [ring of protection from cold]

   It affects your strength (+8).
   It protects you from cold.
   It lets you fly.
   It causes magical contamination when unequipped.
 H - a ring of fire (right claw)
 L - a +2 ring of protection
Wands
 d - a wand of flame (3)
 z - a wand of acid (11)
 C - a wand of digging (24)
Scrolls
 a - 2 scrolls of immolation {unknown}
 e - 4 scrolls of identify
 m - 2 scrolls of teleportation
 p - 7 scrolls of fog
 s - 9 scrolls of remove curse
 A - 3 scrolls of enchant weapon
 B - 2 scrolls of enchant armour
 J - a scroll of holy word {unknown}
 U - a scroll of magic mapping
Potions
 b - 2 potions of cancellation {unknown}
 g - 2 potions of agility
 h - a potion of invisibility
 j - 4 potions of mutation
 n - 5 potions of heal wounds {unknown}
 o - 4 potions of flight
 q - 4 potions of brilliance
 r - 3 potions of degeneration {unknown}
 v - 2 potions of haste {unknown}
 E - a potion of might
 G - a potion of ambrosia {unknown}
 I - a potion of berserk rage {unknown}
 V - a potion of curing
Comestibles
 f - 30 rations


   Skills:
 + Level 10.6 Fighting
 + Level 14.7 Maces & Flails
 + Level 4.8 Armour
 + Level 10.6 Dodging
 - Level 6.3 Shields


You had 13 spell levels left.
You didn't know any spells.

Dungeon Overview and Level Annotations

Branches:
Dungeon (11/15)            Temple (1/1) D:5            Lair (6/6) D:9
  Swamp (0/4) Lair:3       Spider (0/4) Lair:2          Orc (0/2) D:10
  Slime: Lair:5-6

Altars:
Cheibriados
Dithmenos
Elyvilon
Makhleb
Nemelex Xobeh
Okawaru
Qazlal
Ru
Trog
Yredelemnul
Zin
The Shining One

Annotations:
Lair:2 exclusion: ice statue


Innate Abilities, Weirdness & Mutations

You are too large for most types of armour.
You have claws for hands.
Your metabolism is lightning-fast.
You like to eat raw meat.
Your natural rate of healing is unusually fast.
You are covered in fur. (AC +1)
You have very tough skin. (AC +2)


Message History

Unknown command.
Unknown command.
You miss the sixfirhy.
The sixfirhy is moderately wounded.
You are no longer berserk.
You are exhausted.
You feel yourself slow down.
You feel sick. The orange demon completely misses you.
Unknown command.
Unknown command.
Unknown command.
Unknown command.
As you read the scroll of teleportation, it crumbles to dust.
You feel strangely unstable.
* * * LOW HITPOINT WARNING * * *
You feel very sick. The sixfirhy hits you.
* * * LOW HITPOINT WARNING * * *
The sixfirhy shocks you!
You die...

♣♣♣..♣♣..♣♣♣ ♣
♣♣...♣♣♣♣♣..♣♣♣ ♣♣♣♣
♣♣♣♣...♣♣ ♣♣♣..♣♣
...♣♣♣....♣♣♣ ♣♣..♣♣
♣.......♣♣♣ ♣..).♣ ♣♣.♣♣.♣♣♣
######''#######
♣♣♣♣♣'#########.............#
♣#.......4#...8....8....#
#..8.8..h3@............#
#...#.8.4###############
#..#.8...# #...8.#.h#
#..8.#...'....h.
#...8.8..#......
#........#...4.§ #########
##§§≈ ≈§


You could see 2 orange demons, a sixfirhy and a hell hound.

Vanquished Creatures
  Snorg (Lair:5)
  A minotaur (Lab)
  6 hydras
  A catoblepas (Lair:2)
  4 two-headed ogres
  3 death yaks
  An unseen horror (D:11)
  An oklob plant (D:6)
  The ghost of Regeox the Cudgeler, a novice DsGl of Ru (D:6)
  An ugly thing (D:11)
  A deep elf mage (D:11)
  Maurice (D:8)
  A black mamba (Lair:4)
  15 elephants
  An orange demon (Lair:6)
  11 spiny frogs
  4 rime drakes
  A freezing wraith (Lair:2)
  10 komodo dragons
  A queen bee (D:9)
  The ghost of matthes123 the Geomancer, a novice GrEE (D:4)
  A troll (D:11)
  5 polar bears
  A tyrant leech (Lair:3)
  2 hornets
  10 hippogriffs
  3 blink frogs (Lair:2)
  7 dream sheep (Lair:6)
  2 vampires
  66 yaks
  Eustachio (D:6)
  Grum (D:8)
  A wyvern (Lair:2)
  A basilisk (Lair:6)
  5 hungry ghosts
  2 wargs (D:9)
  8 water moccasins
  A hell hound (Lair:6)
  4 porcupines
  A sky beast (D:10)
  3 ice beasts
  4 orc warriors
  2 necrophages (D:11)
  10 ogres
  4 centaurs
  16 wolves
  4 big kobolds (D:10)
  10 crocodiles
  Blork the orc (D:5)
  14 bullfrogs
  A gnoll sergeant (D:10)
  A wyvern zombie (D:7)
  A water moccasin zombie (D:5)
  3 scorpions
  14 killer bees (D:9)
  5 wights (D:11)
  3 howler monkeys
  3 electric eels (Lair:4)
  2 crimson imps (D:11)
  2 centaur zombies
  A bullfrog zombie (D:5)
  9 hounds
  5 jellies
  10 orc priests
  Crazy Yiuf (D:5)
  2 bullfrog skeletons
  3 centaur skeletons
  11 orc wizards
  3 gnoll shamans (D:10)
  7 hell rats (Lair:3)
  Ijyb (D:5)
  4 iguanas
  9 worker ants
  4 hound skeletons
  A worker ant zombie (D:11)
  19 gnolls
  23 adders
  4 river rats
  A shadow imp (D:10)
  A white imp (Lair:2)
  25 oozes
  An adder zombie (D:7)
  2 adder skeletons
  8 worms
  2 dart slugs (D:3)
  5 leopard geckos
  47 orcs
  4 giant cockroaches
  7 goblins
  9 hobgoblins
  15 jackals
  2 quokkas
  5 bats
  6 frilled lizards
  13 kobolds
  2 leopard gecko skeletons
  A quokka skeleton (D:9)
  9 rats
  3 fungi (D:10)
  3 plants (D:10)
580 creatures vanquished.

Vanquished Creatures (others)
  A bush (Lair:4)
  19 fungi
  2 plants (Lair:6)
22 creatures vanquished.

Grand Total: 602 creatures vanquished

Notes
Turn   | Place    | Note
-------+----------+-------------------------------------------
     0 | D:1      | Mgcat the Troll Fighter began the quest for the Orb.
     0 | D:1      | Reached XP level 1. HP: 22/22 MP: 0/0
    54 | D:1      | Reached skill level 2 in Maces & Flails
   250 | D:1      | Reached XP level 2. HP: 29/29 MP: 1/1
   733 | D:2      | Reached skill level 3 in Maces & Flails
   814 | D:2      | Reached XP level 3. HP: 29/36 MP: 2/2
  1060 | D:2      | Reached skill level 4 in Maces & Flails
  1060 | D:2      | Reached XP level 4. HP: 41/44 MP: 3/3
  1454 | D:2      | Found a shadowy altar of Dithmenos.
  2022 | D:3      | Found an iron altar of Okawaru.
  2060 | D:3      | Reached XP level 5. HP: 44/50 MP: 4/4
  2077 | D:3      | HP: 2/50 [orc priest/divine providence (14)]
  2236 | D:3      | Reached skill level 5 in Maces & Flails
  2336 | D:3      | Found a glowing drain.
  2365 | Sewer    | Entered a sewer
  2569 | Sewer    | Reached XP level 6. HP: 59/59 MP: 5/5
  2761 | D:3      | Reached skill level 6 in Maces & Flails
  2835 | D:3      | Found a sparkling altar of Nemelex Xobeh.
  3330 | D:4      | Reached skill level 7 in Maces & Flails
  3330 | D:4      | Reached XP level 7. HP: 47/66 MP: 6/6
  3419 | D:4      | Found a snail-covered altar of Cheibriados.
  3550 | D:4      | Noticed matthes123's ghost (novice GrEE)
  3576 | D:4      | Killed matthes123's ghost
  3576 | D:4      | Reached skill level 8 in Maces & Flails
  3600 | D:4      | Found a stormy altar of Qazlal.
  3749 | D:4      | Found a glowing golden altar of the Shining One.
  3884 | D:5      | Entered Level 5 of the Dungeon
  3887 | D:5      | Noticed Blork the orc
  4071 | D:5      | Killed Blork the orc
  4110 | D:5      | Noticed Ijyb
  4116 | D:5      | Killed Ijyb
  4205 | D:5      | Found a staircase to the Ecumenical Temple.
  4367 | D:5      | Reached XP level 8. HP: 72/74 MP: 7/7
  4604 | D:5      | Reached skill level 9 in Maces & Flails
  4832 | D:5      | Found a runed door.
  4836 | D:5      | Noticed Crazy Yiuf
  4845 | D:5      | Killed Crazy Yiuf
  5021 | D:6      | Noticed Eustachio
  5035 | D:6      | Killed Eustachio
  5080 | D:6      | Found a white marble altar of Elyvilon.
  5082 | D:6      | Found a glowing silver altar of Zin.
  5143 | D:6      | Noticed Regeox's ghost (novice DsGl)
  5156 | Temple   | Entered the Ecumenical Temple
  5178 | Temple   | Became a worshipper of Trog the Wrathful
  5218 | D:6      | Killed Regeox's ghost
  5218 | D:6      | Reached skill level 10 in Maces & Flails
  5625 | D:6      | Noticed an oklob plant
  5631 | D:6      | Reached XP level 9. HP: 78/80 MP: 8/8
  5652 | D:6      | Reached * piety under Trog
  5895 | D:6      | Killed an oklob plant
  6171 | D:7      | Reached skill level 11 in Maces & Flails
  6219 | D:7      | Reached ** piety under Trog
  6269 | D:7      | Got a wavering glass ring
  6270 | D:7      | Identified the ring of the Mutiny {*Contam +Fly rC+ Str+8} (You found it on level 7 of the Dungeon)
  6926 | D:8      | Found a sacrificial altar of Ru.
  6928 | D:8      | Noticed a two-headed ogre
  6937 | D:8      | Killed a two-headed ogre
  6987 | D:8      | Reached XP level 10. HP: 89/94 MP: 9/9
  7017 | D:8      | Noticed Grum
  7024 | D:8      | Reached skill level 5 in Fighting
  7030 | D:8      | Killed Grum
  7030 | D:8      | Reached skill level 5 in Dodging
  7161 | D:8      | Reached *** piety under Trog
  7289 | D:8      | Noticed Maurice
  7325 | D:8      | Killed Maurice
  7812 | D:9      | Noticed a two-headed ogre
  7822 | D:9      | Killed a two-headed ogre
  8014 | D:9      | Reached skill level 12 in Maces & Flails
  8056 | D:9      | Found a staircase to the Lair.
  8415 | D:9      | Noticed a two-headed ogre
  8421 | D:9      | Killed a two-headed ogre
  8700 | D:9      | Reached XP level 11. HP: 61/107 MP: 10/10
  9107 | D:10     | Entered Level 10 of the Dungeon
  9397 | D:10     | Found a staircase to the Orcish Mines.
  9412 | D:10     | Reached **** piety under Trog
  9767 | D:10     | Noticed a two-headed ogre
  9775 | D:10     | Killed a two-headed ogre
 10870 | D:11     | Noticed a deep elf mage
 10883 | D:11     | Killed a deep elf mage
 11136 | D:11     | Killed an unseen horror
 11391 | D:11     | Noticed a green ugly thing
 11404 | D:11     | Killed a green ugly thing
 11494 | D:11     | Reached skill level 13 in Maces & Flails
 11675 | D:11     | Reached ***** piety under Trog
 11726 | D:11     | Reached XP level 12. HP: 54/119 MP: 11/11
 12087 | Lair:1   | Entered Level 1 of the Lair of Beasts
 12549 | Lair:1   | Identified a scroll of acquirement
 12974 | Lair:1   | Noticed a seven-headed hydra
 12987 | Lair:1   | Killed a seven-headed hydra
 14007 | Lair:2   | Noticed an eight-headed hydra
 14018 | Lair:2   | Killed an eight-headed hydra
 14068 | Lair:2   | Found a hole to the Spider Nest.
 14149 | Lair:2   | Reached skill level 5 in Shields
 14470 | Lair:2   | Noticed a catoblepas
 14479 | Lair:2   | Killed a catoblepas
 14982 | Lair:3   | Found a staircase to the Swamp.
 15423 | Lair:3   | Reached XP level 13. HP: 131/131 MP: 9/12
 15814 | Lair:3   | Reached skill level 1 in Armour
 16362 | Lair:4   | Found a labyrinth entrance.
 16569 | Lab      | Entered a labyrinth
 16801 | Lab      | Noticed a minotaur
 16806 | Lab      | Killed a minotaur
 16806 | Lab      | Reached skill level 14 in Maces & Flails
 16835 | Lab      | Got a transparent dagger
 17085 | Lair:4   | Received a gift from Trog
 17304 | Lair:4   | Identified the +4 dagger of Disso {flame, Dex+2} (You found it in a labyrinth)
 18173 | Lair:5   | Reached skill level 10 in Fighting
 18173 | Lair:5   | Reached skill level 10 in Dodging
 18849 | Lair:5   | Noticed Snorg
 18871 | Lair:5   | Killed Snorg
 18871 | Lair:5   | Received a gift from Trog
 19385 | Lair:5   | Reached XP level 14. HP: 89/143 MP: 5/13
 19553 | Lair:6   | Entered Level 6 of the Lair of Beasts
 19659 | Lair:6   | Received a gift from Trog
 20642 | Lair:6   | Found a burning altar of Makhleb.
 20672 | Lair:6   | HP: 7/216 [sixfirhy (9)]
 20677 | Lair:6   | HP: 3/144 [poisoned by an orange demon]
 20677 | Lair:6   | Mangled by a sixfirhy

Skill      XL: |  1  2  3  4  5  6  7  8  9 10 11 12 13 |
---------------+----------------------------------------+-----
Maces & Flails | 2 3 4 5 7 8 10 11 12 13 14 | 14.7
Fighting       | 4 6 8 9 10 | 10.6
Dodging        | 4 6 8 9 10 | 10.6
Shields        | 3 5 6 |  6.3
Armour         | 4 |  4.8

Action                   |  1- 3 |  4- 6 |  7- 9 | 10-12 | 13-15 || total
-------------------------+-------+-------+-------+-------+-------++-------
Melee: Flail             |   115 |   273 |   385 |   586 |   614 ||  1973
       Mace              |       |       |       |   488 |       ||   488
       Whip              |       |       |       |    35 |       ||    35
       Giant club        |       |       |       |       |    36 ||    36
Invok: Berserk           |       |       |     5 |    25 |    16 ||    46
       Burn Spellbooks   |       |       |     2 |     1 |     2 ||     5
       Trog's Hand       |       |       |       |    14 |    11 ||    25
       Brothers in Arms  |       |       |       |     1 |       ||     1
Evoke: Wand              |       |       |       |     6 |       ||     6
  Use: Scroll            |       |     7 |    11 |    11 |     6 ||    35
       Potion            |       |     2 |     2 |     8 |     1 ||    13
 Stab: Distracted        |       |     1 |     1 |       |       ||     2
       Sleeping          |       |       |       |     5 |     1 ||     6
  Eat: Chunk             |    15 |    23 |    39 |   107 |    60 ||   244
       Ration            |       |       |       |     1 |     3 ||     4
Armor: Robe              |    47 |    98 |    80 |   197 |    87 ||   509
       Skin              |       |       |       |    34 |       ||    34
Dodge: Dodged            |    43 |    97 |    77 |   412 |   292 ||   921
Block: Shield            |    51 |   125 |   120 |   554 |   350 ||  1200
